 Dungeon Crawl Stone Soup version 0.23.2-1-ga50397a6bc (webtiles) character file.

Game seed: 16529783493963649821

139 Menchi the Skirmisher (level 5, -2/50 HPs)
             Began as a Naga Fighter on May 17, 2019.
             Slain by Crazy Yiuf
             ... wielding a +2 quarterstaff of chaos
              (10 damage)
             ... on level 3 of the Dungeon.
             The game lasted 00:05:41 (2713 turns).

Menchi the Skirmisher (Naga Fighter)                Turns: 2713, Time: 00:05:42

Health: -2/50      AC:  5    Str: 19    XL:     5   Next: 22%
Magic:  2/5        EV:  8    Int:  9    God:
Gold:   151        SH:  0    Dex: 10    Spells: 4/4 levels left

rFire    . . .     SeeInvis +   e - +0 spear
rCold    . . .     Gourm    .   (no shield)
rNeg     . . .     Faith    .   b - +0 scale mail
rPois    +         Spirit   .   (no helmet)
rElec    .         Reflect  .   (no cloak)
rCorr    .         Harm     .   (no gloves)
MR       .....                  (no barding)
Stlth    ..........             (no amulet)
HPRegen  0.16/turn              (no ring)
MPRegen  0.09/turn              (no ring)

@: short of breath, very slightly contaminated, very slow
A: large, see invisible, deformed body, poison resistance, slowness 2, slow
metabolism 1, spit poison 1, AC +1
a: Spit Poison


You were on level 3 of the Dungeon.
You were hungry.

You visited 1 branch of the dungeon, and saw 3 of its levels.

You collected 151 gold pieces.

Inventory:

Hand Weapons
 e - a +0 spear (weapon)
Armour
 b - a +0 scale mail (worn)
 c - a +0 shield
Scrolls
 g - 2 scrolls of remove curse {unknown}
 h - a scroll of fog {unknown}
 i - a scroll of enchant weapon {unknown}
 l - 2 scrolls of identify {unknown}
 o - 3 scrolls of amnesia {unknown}
 q - 2 scrolls of magic mapping {unknown}
 s - a scroll of blinking {unknown}
Potions
 a - 3 potions of lignification {unknown}
 d - 2 potions of might
 j - 2 potions of degeneration {unknown}
 k - a potion of ambrosia {unknown}
 n - a potion of curing {unknown}
 p - a potion of berserk rage {unknown}
 r - 2 potions of haste {unknown}
Comestibles
 f - 4 rations


   Skills:
 + Level 3.8 Fighting
 + Level 3.0 Polearms
 - Level 2.4 Armour
 + Level 1.7 Dodging
 + Level 3.1 Shields


You had 4 spell levels left.
You didn't know any spells.
Your spell library contained the following spells:

 Spells                   Type           Power        Failure   Level  Hunger
 Animate Skeleton         Necr           N/A          77%         1    ##.....
 Apportation              Tloc           #.....       77%         1    ##.....
 Confusing Touch          Hex            #.....       77%         1    ##.....
 Summon Small Mammal      Summ           #...         77%         1    ##.....


Dungeon Overview and Level Annotations

Branches:
Dungeon (3/15)

Altars:
Wu Jian

Annotations:
D:3 2 transporters, Crazy Yiuf


Innate Abilities, Weirdness & Mutations

You cannot wear boots.
Your serpentine skin is tough. (AC +1)
You have supernaturally acute eyesight. (SInv)
Armour fits poorly on your strangely shaped body.
Your system is resistant to poisons. (rPois)
You cover ground very slowly.
You have a slow metabolism.
You can spit poison.


Message History

Crazy Yiuf laughs, "Peeping!
Ice illywillydillykilly toodlewoodle."
Crazy Yiuf hits you with a +2 quarterstaff of chaos.
* * * LOW HITPOINT WARNING * * *
Crazy Yiuf freezes you.
* * * LOW HITPOINT WARNING * * *
You hit Crazy Yiuf but do no damage.
Crazy Yiuf is heavily wounded.
Crazy Yiuf whimpers, "Shower illywillydillykilly infinity!"
Crazy Yiuf hits you but does no damage.
You barely miss Crazy Yiuf.
Crazy Yiuf is heavily wounded.
You flicker back into view.
Crazy Yiuf barely misses you.
Press: ? - help, Shift-Dir - straight line, f/p - Crazy Yiuf
Aim: Crazy Yiuf, wielding a +2 quarterstaff of chaos and wearing a +2 cloak of poison resistance (heavily wounded)
The splash of poison hits Crazy Yiuf but does no damage.
Crazy Yiuf is heavily wounded.
You feel slightly more hungry.
Crazy Yiuf hits you with a +2 quarterstaff of chaos!
You die...

#.##.#.##.##################
...........................#
#........#################.#
#........# #.# #........#
#.# #........# #######.##
.........## ####
###.#...#..# ##........#
#...##..#.......#
..#...##..#
#..g@.####......#
#.#...##..# #)..### ##).#.##
..#...##..# #### ######
###...##### ......# ####..#
......# ......# ......#


You could see Crazy Yiuf.

Vanquished Creatures
  3 gnolls (D:3)
  3 adders
  An ooze (D:3)
  3 worms
  A dart slug (D:1)
  A leopard gecko (D:3)
  5 orcs (D:3)
  4 giant cockroaches
  4 goblins
  6 hobgoblins
  7 jackals
  8 bats
  A frilled lizard (D:1)
  9 kobolds
  10 rats
66 creatures vanquished.

Notes
Turn   | Place    | Note
-------+----------+-------------------------------------------
     0 | D:1      | Menchi the Naga Fighter began the quest for the Orb.
     0 | D:1      | Reached XP level 1. HP: 21/21 MP: 1/1
   112 | D:1      | Reached XP level 2. HP: 28/28 MP: 2/2
   807 | D:2      | Reached XP level 3. HP: 8/34 MP: 3/3
  1109 | D:2      | Reached skill level 1 in Dodging
  1240 | D:2      | Found an ornate altar of the Wu Jian Council.
  1662 | D:3      | Reached XP level 4. HP: 42/42 MP: 4/4
  2178 | D:3      | Reached XP level 5. HP: 50/50 MP: 5/5
  2195 | D:3      | Found a transporter.
  2200 | D:3      | Found a transporter.
  2261 | D:3      | Found a runed translucent door.
  2262 | D:3      | Noticed Crazy Yiuf
  2713 | D:3      | Slain by Crazy Yiuf

Skill      XL: |  1  2  3  4 |
---------------+-------------+-----
Dodging        | 1 |  1.7
Shields        | 3 |  3.1
Polearms       | 3 |  3.0
Fighting       | |  3.8
Armour         | |  2.4

Action                   |  1- 3 |  4- 6 || total
-------------------------+-------+-------++-------
Melee: Spear             |   134 |   115 ||   249
 Abil: Spit Poison       |     3 |    16 ||    19
 Stab: Invisible         |       |     2 ||     2
  Eat: Chunk             |     2 |     3 ||     5
Armor: Scale mail        |    46 |    38 ||    84
Dodge: Dodged            |    50 |    40 ||    90
